Map: Blackpink LE

Players

JagrsMullets

  • Race: Zerg Zerg
  • Spawn Location: 7:00

A.I. 1 (Hard) - Winner!

  • Race: Zerg Zerg
  • Spawn Location: 1:00

VOD

Have the link to the VOD?

Description

Time

  • Played on: Dec. 18, 2017, 3:25 a.m.
  • Length: 7:38
Show
View Real Time Build Order
Export as new Build Order

JagrsMullets Zerg 

Build Orders: Pool First 

Get SALT Encoding   

  12  0:02  Drone  
  13  0:08  Drone  
  14  0:17  Overlord  
  14  0:34  Spawning Pool  
  13  0:38  Drone  
  14  0:53  Drone  
  14  0:54  Drone x2  
  17  1:00  Extractor  
  16  1:04  Extractor  
  16  1:08  Drone  
  16  1:20  Queen  
  18  1:31  Drone x2  
  20  1:41  Drone  
  21  1:49  Zergling x2  
  22  2:13  Hatchery  
  22  2:14  Overlord x2  
  21  2:17  Pneumatized Carapace  
  21  2:26  Evolution Chamber  
  21  2:28  Zergling x2  
  21  2:33  Zergling x2  
  22  2:38  Zergling x2  
  22  2:42  Zergling x2  
  24  2:49  Drone  
  25  2:58  Metabolic Boost  
  25  3:13  Lair  
  25  3:18  Drone  
  26  3:31  Drone  
  27  3:44  Zergling x6  
  30  3:54  Zergling x4  
  32  4:02  Zerg Melee Weapons Level 1  
  32  4:29  Hydralisk Den  
  31  4:34  Drone x3  
  31  4:35  Spire  
  33  4:51  Infestation Pit  
  32  4:53  Drone  
  33  5:04  Drone x2  
  35  5:11  Drone x2  
  37  5:22  Muscular Augments  
  37  5:30  Drone x2  
  37  5:32  Drone  
  37  5:34  Drone  
  41  5:37  Drone  
  42  5:50  Hive  
  42  6:15  Extractor  
  42  6:17  Drone x2  
  42  6:18  Extractor, Drone  
  44  6:21  Drone  
  44  6:23  Overlord x2  
  44  6:46  Drone x2  
  46  6:56  Spine Crawler  
  46  6:57  Spine Crawler  
  46  6:59  Spine Crawler  
  34  7:08  Zergling x2  
  34  7:09  Zergling x2  
  34  7:14  Hydralisk  
  34  7:27  Unknown  
Show
View Real Time Build Order
Export as new Build Order

A.I. 1 (Hard) Zerg - Winner!

Build Orders: Pool First 

Get SALT Encoding   

  12  0:00  Drone  
  13  0:12  Overlord  
  13  0:17  Drone  
  14  0:30  Drone  
  14  0:32  Drone  
  16  0:43  Spawning Pool  
  16  0:45  Drone  
  17  0:50  Drone  
  17  0:53  Extractor  
  17  0:55  Drone  
  17  1:06  Overlord  
  17  1:30  Queen  
  17  1:31  Zergling x2  
  20  1:36  Roach Warren  
  20  1:38  Drone  
  20  1:42  Extractor  
  20  1:44  Zergling x2  
  20  1:49  Drone  
  21  2:00  Drone  
  22  2:07  Lair  
  22  2:17  Roach  
  24  2:25  Drone  
  25  2:34  Overlord  
  25  2:38  Drone  
  26  2:45  Roach  
  28  2:58  Roach  
  30  2:59  Overlord  
  30  3:09  Hydralisk Den  
  30  3:10  Drone  
  30  3:17  Roach  
  32  3:30  Roach  
  34  3:36  Overlord  
  34  3:42  Hydralisk  
  38  3:55  Roach, Drone  
  38  4:01  Drone  
  40  4:03  Drone  
  40  4:07  Drone  
  42  4:12  Hydralisk  
  42  4:15  Overlord  
  44  4:18  Drone  
  44  4:22  Drone  
  46  4:30  Baneling Nest, Hydralisk  
  47  4:38  Evolution Chamber  
  47  4:40  Drone  
  47  4:44  Hydralisk, Drone  
  50  6:24  Overseer x2, Queen  
  52  6:26  Evolution Chamber  
  52  6:28  Spore Crawler  
  52  6:31  Spore Crawler, Drone  
  50  6:33  Infestation Pit, Drone, Hatchery  
  50  6:34  Drone  
  50  6:56  Spire, Drone  
  50  7:00  Spine Crawler, Drone  
  49  7:01  Zergling x2  
  49  7:02  Spine Crawler  
  49  7:03  Drone  
  47  7:11  Hydralisk  
Tags
 
Matchup
ZvZ
Race
Zerg
Spawn Locations
Cross Positions
Add a new tag
Caveats
  • Supply blocks, unpowered buildings, or Contaminate may cause inaccurate times.
  • Supply counts are checked every 10 seconds.